Map: Бюро находок РВ

Players

HOPERHAF - Winner!

  • Race: Zerg Zerg
  • League: Diamond
  • Spawn Location: 7:00

Itan

  • Race: Protoss Protoss
  • League: Diamond
  • Spawn Location: 1:00

VOD

Have the link to the VOD?

Description

Time

  • Played on: June 1, 2018, 2:01 p.m.
  • Length: 11:12
Show
View Real Time Build Order
Export as new Build Order

HOPERHAF Zerg - Winner!

Build Orders: Hatch First 

Get SALT Encoding   

  12  0:01  Drone  
  13  0:12  Overlord  
  13  0:16  Drone  
  14  0:32  Drone x2  
  16  0:36  Drone  
  17  0:53  Hatchery  
  17  0:56  Drone  
  17  0:59  Drone  
  18  1:13  Spawning Pool, Extractor  
  16  1:25  Drone x2  
  18  1:30  Drone  
  19  1:39  Drone  
  20  1:50  Overlord  
  20  2:02  Queen  
  20  2:05  Queen  
  20  2:06  Drone x2  
  26  2:15  Drone  
  26  2:16  Drone  
  26  2:21  Metabolic Boost  
  28  2:24  Drone  
  28  2:26  Drone  
  30  2:32  Overlord  
  30  2:39  Drone  
  30  2:43  Drone  
  32  2:50  Drone  
  33  2:56  Roach Warren  
  33  2:58  Drone  
  33  2:59  Lair  
  33  3:01  Drone  
  33  3:04  Drone  
  35  3:13  Drone x4  
  35  3:14  Overlord  
  35  3:17  Drone x3  
  35  3:18  Extractor x2  
  40  3:23  Spore Crawler  
  40  3:27  Spore Crawler, Drone  
  40  3:28  Drone  
  40  3:38  Overlord x2  
  40  3:41  Roach x2  
  40  3:44  Roach  
  45  4:05  Roach x6  
  57  4:12  Ravager  
  57  4:14  Roach  
  57  4:15  Roach  
  60  4:23  Roach x3  
  66  4:30  Ravager  
  66  4:31  Overlord  
  67  4:34  Overlord  
  67  4:40  Glial Reconstitution  
  67  4:51  Roach, Zergling x4  
  67  4:52  Zergling x6  
  74  4:54  Zergling x2  
  75  5:04  Roach x3  
  81  5:09  Zergling x4  
  83  5:16  Zergling x2  
  78  5:40  Zergling x2  
  78  5:41  Zergling x14  
  68  5:51  Queen x2  
  53  6:12  Drone x4  
  53  6:13  Drone x2  
  53  6:14  Roach x2  
  53  6:18  Roach x2  
  67  6:20  Hatchery  
  66  6:39  Roach x4  
  76  6:40  Roach  
  76  6:44  Overlord x2  
  76  6:52  Hydralisk Den  
  76  6:54  Overlord x2  
  75  6:57  Drone, Extractor  
  75  7:05  Ravager x3  
  75  7:06  Ravager x2  
  75  7:16  Zergling x2  
  75  7:21  Roach x4  
  75  7:22  Roach x2, Zergling x4  
  90  7:27  Overlord x2  
  90  7:30  Zergling x2  
  91  7:37  Roach  
  91  7:43  Overseer  
  92  7:45  Drone x2  
  92  7:47  Muscular Augments  
  92  7:51  Evolution Chamber, Extractor  
  92  7:52  Ravager x2  
  92  7:54  Ravager  
  92  7:55  Roach x5  
  105  8:13  Drone x2  
  105  8:18  Hydralisk x2  
  105  8:19  Hydralisk  
  113  8:29  Hydralisk  
  113  8:33  Overlord  
  115  8:39  Zerg Missile Weapons Level 1  
  115  8:41  Overlord x2  
  115  8:42  Overlord x2  
  115  8:56  Hydralisk x4  
  115  8:58  Grooved Spines  
  123  9:17  Hydralisk x2  
  123  9:18  Hydralisk  
  123  9:22  Ravager x2  
  123  9:23  Hatchery  
  130  9:26  Hydralisk  
  130  9:27  Hydralisk  
  134  9:45  Hydralisk x4  
  138  9:48  Drone  
  138  9:49  Drone  
  144  10:04  Hydralisk x3  
  150  10:13  Drone x4  
  150  10:14  Drone x2  
  156  10:25  Overlord x3  
  156  10:48  Drone x6  
Show
View Real Time Build Order
Export as new Build Order

Itan Protoss 

Build Orders: Oracle Opening 

Get SALT Encoding   

  12  0:01  Probe  
  13  0:13  Probe  
  14  0:20  Pylon  
  14  0:25  Probe  
  15  0:34  Probe  
  15  0:42  Gateway, Probe  
  17  0:50  Assimilator  
  17  0:52  Probe  
  18  1:04  Probe  
  19  1:12  Probe  
  20  1:19  Pylon  
  20  1:20  Probe  
  21  1:31  Probe  
  22  1:38  Cybernetics Core  
  22  1:43  Probe  
  23  1:56  Nexus  
  23  2:03  Assimilator  
  23  2:06  Probe  
  24  2:17  Stargate  
  24  2:34  Gateway  
  24  2:39  Warp Gate  
  24  2:47  Adept  
  26  2:53  Gateway  
  26  2:54  Probe  
  26  3:06  Probe  
  26  3:07  Shield Battery  
  26  3:10  Probe  
  26  3:11  Oracle  
  28  3:14  Probe  
  29  3:22  Probe  
  29  3:24  Probe  
  34  3:27  Adept  
  34  3:29  Adept  
  34  3:32  Probe  
  38  3:34  Probe  
  38  3:40  Probe  
  40  3:46  Probe  
  42  3:51  Probe  
  43  3:58  Probe  
  43  4:02  Probe  
  43  4:10  Probe x2  
  43  4:13  Assimilator  
  45  4:18  Probe  
  45  4:23  Pylon  
  46  4:27  Pylon  
  46  4:41  Sentry x2, Probe  
  46  4:42  Stalker, Void Ray  
  53  4:52  Gateway  
  57  4:53  Gateway, Probe  
  57  5:08  Stalker  
  57  5:09  Stalker  
  61  5:19  Cybernetics Core  
  61  5:33  Pylon  
  57  5:38  Void Ray  
  51  5:44  Zealot x2  
  51  5:45  Zealot  
  46  5:57  Stalker x2  
  46  5:59  Probe x2  
  46  6:09  Probe  
  46  6:11  Stalker x3, Probe  
  48  6:12  Oracle  
  48  6:17  Probe  
  54  6:23  Probe  
  59  6:25  Stalker  
  59  6:26  Stalker, Probe  
  64  6:35  Zealot x2  
  64  6:36  Probe  
  64  6:39  Probe  
  67  6:48  Stalker, Probe  
  70  6:56  Gateway  
  70  6:58  Pylon  
  70  7:16  Probe  
  70  7:19  Stalker x2  
  70  7:20  Stalker  
  77  7:34  Robotics Facility, Twilight Council  
  77  7:37  Gateway  
  77  7:42  Forge  
  77  7:49  Pylon  
  77  7:56  Charge, Protoss Ground Weapons Level 1, Probe  
  78  7:59  Nexus  
  78  8:07  Probe  
  78  8:09  Probe  
  80  8:13  Immortal  
  80  8:20  Gateway  
  84  8:27  Zealot  
  86  8:41  Pylon  
  86  8:47  Pylon  
  86  8:59  Probe x2, Warp Prism  
  90  9:09  Pylon  
  90  9:10  Pylon  
  90  9:11  Probe x2  
  90  9:15  Assimilator  
  92  9:18  Forge  
  92  9:19  Zealot x3  
  92  9:20  Sentry  
  92  9:21  Sentry  
  92  9:23  Probe x2  
  104  9:25  Probe  
  105  9:36  Probe x2  
  107  9:43  Zealot  
  107  9:44  Zealot x4  
  117  9:50  Sentry x3  
  117  9:51  Shield Battery  
  120  10:06  Probe  
  120  10:07  Probe x2  
  123  10:12  Zealot  
  123  10:13  Zealot x4  
  133  10:33  Templar Archives  
  133  10:35  Gateway  
  133  10:38  Assimilator  
  93  11:00  Zealot x6  
  93  11:01  Zealot x2  
Tags
 
Add a new tag
Caveats
  • Supply blocks, unpowered buildings, or Contaminate may cause inaccurate times.
  • Supply counts are checked every 10 seconds.